 Dungeon Crawl Stone Soup version 0.17-a0-227-gf5308cc (webtiles) character file.

97 Pikaro the Cudgeler (level 4, 0/48 HPs)
             Began as an Ogre Fire Elementalist on Mar 30, 2015.
             Slain by an adder (3 damage)
             ... on level 2 of the Dungeon.
             The game lasted 00:06:17 (3534 turns).

Pikaro the Cudgeler (Ogre Fire Elementalist)        Turns: 3534, Time: 00:06:17

Health: 0/48       AC:  3    Str: 13    XL:     4   Next: 68%
Magic:  5/8        EV: 10    Int: 15    God:
Gold:   76         SH:  0    Dex: 10    Spells: 1 memorised, 6 levels left

rFire  . . .     SeeInvis .     k - +0 mace
rCold  . . .     Clarity  .     a - +0 robe
rNeg   . . .     SustAb   .     (no shield)
rPois  .         Gourm    .     (helmet restricted)
rElec  .         Spirit   .     (no cloak)
rCorr  .         Warding  .     (gloves unavailable)
rMut   .         Stasis   .     (boots unavailable)
MR     .....                    (no amulet)
Stlth  +.........               (no ring)
                                (no ring)

@: lethally poisoned (0 -> -3), very slightly contaminated, not resistant to
hostile enchantments, very unstealthy
A: unfitting armour, tough skin 1
a: no special abilities


You were on level 2 of the Dungeon.
You were not hungry.

You visited 1 branch of the dungeon, and saw 2 of its levels.

You collected 76 gold pieces.

Inventory:

Hand weapons
 k - a +0 mace (weapon)
   (You took it off an orc on level 2 of the Dungeon)
 l - a +0 whip
   (You took it off a kobold on level 1 of the Dungeon)
Missiles
 d - 14 poisoned needles
Armour
 a - a +0 robe (worn)
Scrolls
 f - a scroll of teleportation {unknown}
 g - 2 scrolls of amnesia {unknown}
 h - 2 scrolls of identify {unknown}
 j - 3 scrolls of remove curse {unknown}
 m - a scroll of enchant weapon {unknown}
 n - a scroll of immolation {unknown}
Potions
 e - 2 potions of mutation {unknown}
 i - a potion of restore abilities
Books
 b - a book of Flames
Comestibles
 c - a meat ration


   Skills:
 + Level 3.6 Fighting
 + Level 3.6 Maces & Flails
 - Level 1.7 Dodging
 - Level 1.5 Stealth
 - Level 2.4 Spellcasting
 - Level 0.6 Conjurations
 - Level 2.2 Fire Magic


You had 6 spell levels left.
You knew the following spells:

 Your Spells              Type           Power        Failure   Level  Hunger
A - Flame Tongue          Conj/Fire      #....        12%         1    #......


Dungeon Overview and Level Annotations

Branches:
Dungeon (2/15)

Altars:
Dithmenos


Innate Abilities, Weirdness & Mutations

You are too large for most types of armour.
You have tough skin (AC +1).


Message History

Health restored: 45; Total turns waited: 37 A hobgoblin comes into view.
It is wielding a club.
You barely miss the hobgoblin. The hobgoblin barely misses you.
You hit the hobgoblin. The hobgoblin misses you.
You hit the hobgoblin.
You kill the hobgoblin!
No target in view! a ring mail; 23 stones A goblin comes into view.
You barely miss the goblin. The goblin completely misses you.
The goblin hits you.
You take 2 damage, and have 43/45 hp.
You are feeling hungry.
You closely miss the goblin. The goblin closely misses you.
You barely miss the goblin. The goblin hits you but does no damage.
You hit the goblin. The goblin hits you.
You take 1 damage, and have 42/45 hp.
You hit the goblin.
You kill the goblin!
You start resting.
Health restored: 46; Total turns waited: 21 A rat comes into view.
You hit the rat!
You kill the rat!
No target in view!
No target in view!
You see here a rat corpse.
You butcher the rat corpse.
o - a chunk of flesh Eating a chunk of flesh.
You continue eating. x2
A quokka comes into view.
A kobold comes into view. It is wielding a short sword.
The quokka bites you but does no damage.
The quokka bites you.
The kobold throws a stone.
The stone misses you.
You see here a stone.
You take 4 damage, and have 42/46 hp.
You hit the quokka!
You kill the quokka!
The kobold throws a stone.
The stone hits you but does no damage. The kobold hits you but does no damage.
You hit the kobold. The kobold barely misses you.
You barely miss the kobold. The kobold hits you with a short sword.
You take 5 damage, and have 37/46 hp.
You hit the kobold.
You kill the kobold!
No target in view! a short sword; a kobold corpse You start resting.
Health restored: 48; Total turns waited: 63 A worm comes into view.
An adder comes into view.
The adder bites you.
You are poisoned.
The adder poisons you! The adder bites you.
You take 6 damage, and have 42/48 hp.
You feel sick.
You take 1 damage, and have 41/48 hp.
You hit the worm.
You feel sick. The worm bites you!
You take 10 damage, and have 31/48 hp.
MASSIVE DAMAGE!!
You hit the worm. The worm bites you.
You take 2 damage, and have 29/48 hp.
You hit the worm. You hit the worm.
You feel sick. The worm bites you!
You take 7 damage, and have 22/48 hp.
HP below 50%!
You barely miss the worm. The worm bites you!
* * * LOW HITPOINT WARNING * * *
You take 11 damage, and have 11/48 hp.
MASSIVE DAMAGE!!
HP below 25%!
You feel sick.
You take 1 damage, and have 10/48 hp.
Aim: a worm (heavily wounded)
Okay, then.
You feel sick.
You feel sick.
You take 1 damage, and have 9/48 hp.
You can't see any susceptible monsters within range! (Use Z to cast anyway.) Unknown command.
You feel sick.
You are no longer poisoned.
You take 1 damage, and have 9/48 hp.
You hit the adder. The adder closely misses you. The adder closely misses you.
Aim: an adder (moderately wounded)
The flame tongue misses the adder.
The adder bites you.
* * * LOW HITPOINT WARNING * * *
You take 1 damage, and have 8/48 hp.
You now have 7/8 mp.
Aim: an adder (moderately wounded)
The flame tongue hits the adder.
The adder bites you.
* * * LOW HITPOINT WARNING * * *
You take 1 damage, and have 7/48 hp.
You now have 6/8 mp.
Aim: an adder (severely wounded)
You miscast Flame Tongue.
You are very lightly contaminated with residual magic.
Wisps of smoke drift from your hands. The adder bites you.
* * * LOW HITPOINT WARNING * * *
You are lethally poisoned!
The adder poisons you! The adder bites you.
You die...

.. #..##.........##w..........#
#..##................).........#
#..##....##.....##.............#
#.......###..#..###..#######...#
#.......##..###..##w.# ##..#
#...........###......# #.>#
#......#.....#.......# ##.#
#......#........S##### #.#
##..........#...@.# ### #.#
.)..........#..#### #.#####.#
###.######..#..#### ###.......#
##)##.## #...)<##.# #...#######
#.###..# #..#.###.# ###.####
#.#..(####..#.# #.# #†.).#
##)##.8.##..#.# #.# #(####
#.#.[...8#..#.# #.#######.#
####..(#.#..#.###.........#


You could see a worm and an adder.

Vanquished Creatures
  2 adders (D:2)
  3 worms (D:2)
  3 orcs (D:2)
  3 giant cockroaches
  9 goblins
  9 hobgoblins
  8 kobolds
  6 bats
  3 giant newts
  A quokka (D:2)
  10 rats
57 creatures vanquished.

Notes
Turn   | Place    | Note
--------------------------------------------------------------
     0 | D:1      | Pikaro, the Ogre Fire Elementalist, began the quest for the Orb.
     0 | D:1      | Reached XP level 1. HP: 16/16 MP: 3/3
    26 | D:1      | Reached skill level 1 in Fighting
   227 | D:1      | HP: 4/19 [giant cockroach (2)]
   236 | D:1      | HP: 4/19 [giant cockroach (1)]
   242 | D:1      | HP: 3/19 [giant cockroach (1)]
   243 | D:1      | Reached skill level 1 in Maces & Flails
   243 | D:1      | Reached XP level 2. HP: 4/27 MP: 0/5
   249 | D:1      | HP: 4/27 [kobold (1)]
   864 | D:1      | Reached skill level 2 in Maces & Flails
  1019 | D:1      | Reached skill level 2 in Fighting
  1028 | D:1      | HP: 2/28 [hobgoblin/club (6)]
  1157 | D:1      | Reached XP level 3. HP: 16/35 MP: 6/6
  2302 | D:2      | HP: 9/36 [poisoned by an adder]
  2305 | D:2      | Reached skill level 3 in Fighting
  2305 | D:2      | Reached skill level 3 in Maces & Flails
  2305 | D:2      | Reached XP level 4. HP: 9/45 MP: 6/8
  2307 | D:2      | HP: 7/45 [poisoned by an adder]
  2312 | D:2      | HP: 6/45 [poisoned by an adder]
  2319 | D:2      | HP: 4/45 [poisoned by an adder]
  2324 | D:2      | HP: 4/45 [poisoned by an adder]
  2330 | D:2      | HP: 4/45 [poisoned by an adder]
  2336 | D:2      | HP: 3/45 [poisoned by an adder]
  2342 | D:2      | HP: 3/45 [poisoned by an adder]
  2655 | D:2      | Found a shadowy altar of Dithmenos.
  2951 | D:2      | HP: 8/45 [hobgoblin (4)]
  2959 | D:2      | HP: 3/45 [goblin/dagger (3)]
  3516 | D:2      | HP: 11/48 [worm (11)]
  3521 | D:2      | HP: 10/48 [poisoned by an adder]
  3529 | D:2      | HP: 9/48 [poisoned by an adder]
  3534 | D:2      | HP: 3/48 [adder (4)]
  3534 | D:2      | Slain by an adder

Action                   |  1- 3 |  4- 6 || total
-------------------------+-------+-------++-------
Melee: Club              |    78 |       ||    78
       Whip              |    74 |    65 ||   139
       Mace              |       |    19 ||    19
 Cast: Flame Tongue      |    17 |     8 ||    25
  Use: Potion            |     4 |       ||     4
  Eat: Chunk             |     4 |     5 ||     9

Vault maps used:
D:1:      onia_arrival_pyramid, minmay_distorted
D:2:      nicolae_dithmenos_shadow_blocks, okawaru_gym_becter,
          nicolae_overflow_hidden_temple, guppyfry_early_orc_mine

Table legend:
 A = Turns spent in this place as a percentage of turns spent in the entire game.
 B = Non-inter-level travel turns spent in this place as a percentage of non-inter-level travel turns spent in the entire game.
 C = Inter-level travel turns spent in this place as a percentage of turns spent in this place.
 D = Turns resting spent in this place as a percentage of non-inter-level travel turns spent in this place.
 E = Turns spent auto-exploring this place as a percentage of non-inter-level travel turns spent in this place.
 F = Non-inter-level travel turns spent in this place divided by the number of levels of this place that you've seen.
                   A       B       C       D       E      F
               +-------+-------+-------+-------+-------+----------------------
         Total | 100.0 | 100.0 |   0.1 |  10.7 |   5.5 | 337.0
       Dungeon | 100.0 | 100.0 |   0.1 |  10.7 |   5.5 | 337.0
               +-------+-------+-------+-------+-------+----------------------

Table legend:
 A = Kills in this place as a percentage of kills in entire the game.
 B = Kills by you in this place as a percentage of kills by you in the entire game.
 C = Kills by friends in this place as a percentage of kills by friends in the entire game.
 D = Other kills in this place as a percentage of other kills in the entire game.
 E = Experience gained in this place as a percentage of experience gained in the entire game.
 F = Experience gained in this place divided by the number of levels of this place that you have seen.
                   A       B       C       D       E      F
               +-------+-------+-------+-------+-------+----------------------
         Total | 100.0 | 100.0 |  -nan |  -nan | 100.0 |  69.5
       Dungeon | 100.0 | 100.0 |  -nan |  -nan | 100.0 |  69.5
               +-------+-------+-------+-------+-------+----------------------
